[Event "*** Titled Tuesday Blitz"]
[Site "Chess.com"]
[Date "2019.05.07"]
[Round "6"]
[White "JeremDev"]
[Black "albano87"]
[Result "1-0"]
[WhiteElo "2481"]
[BlackElo "2209"]
[TimeControl "180+2"]
[EndTime "14:28:37 PDT"]
[Termination "JeremDev won by resignation"]

1. e4 c5 2. d4 g6 3. d5 Bg7 4. c4 e5 5. Nc3 d6 6. Be3 Ne7 7. Qd2 f5 8. f3 O-O 9. h4 a6 10. h5 f4 11. Bf2 g5 12. h6 Bf6 13. g3 Ng6 14. Bh3 Bd7 15. Bxd7 Qxd7 16. g4 b5 17. Nge2 bxc4 18. O-O a5 19. a4 Na6 20. Nb5 Nb4 21. Qc3 Nd3 22. Nc1 Nxf2 23. Kxf2 Nh4 24. Qxc4 Be7 25. Nd3 Rf6 26. Rac1 Rxh6 27. Nxe5 dxe5 28. d6+ Kh8 29. dxe7 Nxf3 30. Kxf3 Rh3+ 31. Kg2 Qxg4+ 32. Kf2 Rh2+ 33. Ke1 Qg3+ 34. Kd1 Re8 35. Rc3 Qg2 36. Qd3 Qxb2 37. Nc7 Qa1+ 38. Rc1 Qxa4+ 39. Ke1 Qb4+ 40. Rc3 Rxe7 41. Qd8+ Kg7 42. Qxe7+ Kg6 43. Qe6+ Kh5 44. Qf7+ Kh6 45. Qf8+ Kh5 46. Qf7+ Kh6 47. Qc4 Qb2 48. Qe6+ Kg7 49. Ne8+ Kf8 50. Qf6+ Kxe8 51. Qxe5+ Kf8 52. Qxc5+ Kg7 53. Qxg5+ Kf7 54. Qf5+ Ke7 55.
Qe5+ Kd8 56. Qd6+ Ke8 57. Rc8+ 1-0

[Event "*** Titled Tuesday Blitz"]
[Site "Chess.com"]
[Date "2019.05.07"]
[Round "6"]
[White "Sebastian"]
[Black "joppie2"]
[Result "1-0"]
[WhiteElo "2911"]
[BlackElo "2767"]
[TimeControl "180+2"]
[EndTime "14:28:39 PDT"]
[Termination "Sebastian won on time"]

1. e4 e5 2. Nf3 Nc6 3. Bc4 Bc5 4. c3 Nf6 5. d3 d6 6. Nbd2 a6 7. Bb3 O-O 8. Nf1 Be6 9. Bc2 d5 10. exd5 Bxd5 11. Ng3 Re8 12. Qe2 Qd7 13. O-O Qg4 14.
Ne4 Nxe4 15. dxe4 Be6 16. Be3 Bxe3 17. Qxe3 Rad8 18. Rfd1 Qf4 19. Qxf4 exf4 20. Nd4 Nxd4 21. cxd4 c6 22. a3 Re7 23. Rd2 Red7 24. Rad1 g6 25. f3 Kg7 26. g3 fxg3 27. hxg3 f5 28. e5 c5 29. Kf2 cxd4 30. Bd3 Rc7 31. Be2 Rcd7 32.
Bd3 Rd5 33. f4 R5d7 34. Rc1 Bd5 35. Rdc2 Bc6 36. Rc5 h5 37. b4 Be4 38. Ke2 Kf8 39.
a4 Ke7 40. Rc7 Rxc7 41. Rxc7+ Rd7 42. Rc8 Rd8 43. Rc7+ Rd7 44. Rc8 Rd8 45. Rc5 Kd7 46. Rc4 Ke6 47. b5 axb5 48. axb5 Rd5 49. Rb4 Rd8 50. Rc4 g5 51. Rc7 gxf4 52. gxf4 Rd7 53. Bc4+ Ke7 54. Rc8 1-0

[Event "*** Titled Tuesday Blitz"]
[Site "Chess.com"]
[Date "2019.05.07"]
[Round "6"]
[White "penguingm1"]
[Black "Cryptochess"]
[Result "0-1"]
[WhiteElo "2910"]
[BlackElo "2586"]
[TimeControl "180+2"]
[EndTime "14:28:43 PDT"]
[Termination "Cryptochess won by checkmate"]

1. d4 Nf6 2. c4 e6 3. Nc3 Bb4 4. Qc2 Nc6 5. Nf3 d6 6. Bd2 O-O 7. a3 Bxc3 8. Bxc3 Qe7 9. e3 e5 10. d5 Nb8 11. Bd3 a5 12. O-O a4 13. Nd2 Nbd7 14. Rae1 Nc5 15. f4 Nxd3 16. Qxd3 Nd7 17. f5 Nc5 18. Qe2 f6 19. e4 Bd7 20. Rf3 b5 21. Rh3 bxc4 22. Qh5 h6 23. Nxc4 Bb5 24. Bd2 Bxc4 25. Bxh6 Nd3 26. Ree3 Nf4 27. Bxf4 exf4 28. Qh7+ Kf7 29. Qg6+ Kg8 30. Re1 Qe8 31. Qg4 Kf7 32. Qxf4 Qe5 33. Qc1 Qd4+ 34. Kh1 Rfe8 35. Rc3 Bb5 36.
Qf4 Re7 37. Qg4 Rh8 38. h3 Qf2 39. Qd1 Rh4 40. Rf3 Qc5 41. Rfe3 Qc4 42. Qf3 Qd4 43. Qf2 Rh8 44. Qc2 Rhe8 45. h4 Bc4 46.
Kh2 Bxd5 47. Rd3 Qe5+ 48. Rg3 Bxe4 49. Qc4+ d5 50. Qe2 Qxf5 51. Rf1 Qh7 52. Qg4 Bg6 53. Qd4 c6 54. Rgf3 Re4 55. Qb6 Qxh4+ 56. Kg1 Re1 57.
Qc7+ R8e7 58. Qxc6 Rxf1+ 59. Rxf1 Qd4+ 60. Kh2 Qe5+ 61. Kg1 Be4 62. Qxa4 Qg5 63. Rf2 Rc7 64. Re2 Rc1+ 65.
Kf2 Qf4# 0-1

[Event "*** Titled Tuesday Blitz"]
[Site "Chess.com"]
[Date "2019.05.07"]
[Round "6"]
[White "JonahWillow"]
[Black "harvsp123"]
[Result "1-0"]
[WhiteElo "2719"]
[BlackElo "2482"]
[TimeControl "180+2"]
[EndTime "14:28:48 PDT"]
[Termination "JonahWillow won by resignation"]

1. e4 c5 2. Nf3 d6 3. d4 cxd4 4. Qxd4 Nc6 5. Bb5 Bd7 6. Bxc6 bxc6 7. O-O e5 8. Qd3 Qc7 9. c4 Ne7 10. Nc3 Ng6 11. Bg5 f6 12. Be3 Bg4 13. Nd2 Rd8 14.
f3 Be6 15. b3 Be7 16. Na4 O-O 17. Rfd1 f5 18. Nf1 Bh4 19. Qe2 Kh8 20. Rd2 Qe7 21.
Rad1 fxe4 22. fxe4 Nf4 23. Bxf4 exf4 24. Rd3 Qg5 25.
Nd2 Bg4 26. Nf3 Qe7 27. Qd2 Bf6 28. Rxd6 Qc7 29. e5 Be7 30. Rxd8 Rxd8 31. Qe2 Rxd1+ 32. Qxd1 Bxf3 33. Qxf3 Qxe5 34. g3 fxg3 35. hxg3 h6 36. Kg2 Bd6 37. Nc3 Bb4 38. Ne2 Bc5 39. Nf4 Qb2+ 40.
Kh3 Qb1 41. Nh5 Bd4 42. Qxc6 Qf5+ 43. Kg2 Qxh5 44. Qa8+ Kh7 45. Qe4+ Qg6 46. Qxd4 Qc2+ 47. Qf2 Qb1 48. Qxa7 Qe4+ 49. Kh2 Qe2+ 50. Kh3 Qh5+ 51. Kg2 Qf5 52. Qf2 Qe4+ 53. Kg1 Qb1+ 54. Kh2 Qe4 55. c5 h5 56. a4 g5 57. Qf7+ Kh6 58. Qf6+ Kh7 59.
Qxg5 Qc2+ 60. Kh3 Qxb3 61. Qxh5+ Kg7 62. Qg4+ Kf6 63. Qf4+ Ke6 64. c6 Ke7 65. Qh4+ Kd6 66. Qf6+ Kc7 67. Qe5+ Kxc6 68. Qb5+ Qxb5 69. axb5+ Kxb5 70. Kg4 Kc6 71. Kf5 Kd6 72. Kf6 1-0

[Event "*** Titled Tuesday Blitz"]
[Site "Chess.com"]
[Date "2019.05.07"]
[Round "6"]
[White "vladimirdamjanovic"]
[Black "Thee-Chessboy"]
[Result "0-1"]
[WhiteElo "2554"]
[BlackElo "2384"]
[TimeControl "180+2"]
[EndTime "14:28:48 PDT"]
[Termination "Thee-Chessboy won by resignation"]

1. e4 c5 2. Nf3 d6 3. d4 cxd4 4. Nxd4 Nf6 5. Nc3 a6 6. Qf3 e6 7.
Be2 Qc7 8. Qg3 b5 9. a3 Bb7 10. f3 h5 11. Bg5 Be7 12. O-O-O Nbd7 13. Bxb5 h4 14. Bxd7+ Nxd7 15. Qg4 Ne5 16. Qf4 Rc8 17. Bxe7 Qxe7 18. Nb3 Nc4 19. Rd3 g5 20. Qg4 Ne5 21.
Qh3 Nxd3+ 22. cxd3 d5 23. Kc2 Qf6 24. exd5 Bxd5 25. Nd2 Kf8 26. Qg4 Kg7 27. Rf1 Qf4 28.
Qh3 a5 29. g3 hxg3 30. Qxg3 Qxg3 31. hxg3 Rh2 32. f4 gxf4 33. gxf4 f5 34. Rd1 Kf6 35. Kb1 Bc6 36. Nc4 Rb8 37. Ka1 a4 38. Rg1 Bb5 39. Ne5 Be8 40. Nc4 Rd8 41. Ne5 Rd4 42. Rf1 Rh4 43.
Ne2 Rd5 44. d4 Bb5 45. Rf2 Bxe2 46. Rxe2 Rxf4 47. Nc6 Rf1+ 48. Ka2 Rc1 49. Nb4 Rxd4 50. Rh2 Rdd1 51. b3 Ra1+ 52. Kb2 Rdb1+ 53. Kc3 Rxb3+ 54.
Kc4 Raxa3 55. Nc6 Rc3+ 56. Kb5 Rab3+ 57. Nb4 a3 58. Ra2 Rb2 59. Ra1 f4 60. Ka4 Rc4 61.
Kxa3 Rbxb4 62. Rf1 Rb7 63. Rh1 Rc6 0-1

[Event "*** Titled Tuesday Blitz"]
[Site "Chess.com"]
[Date "2019.05.07"]
[Round "6"]
[White "kintoho"]
[Black "PotapovaM"]
[Result "1/2-1/2"]
[WhiteElo "2554"]
[BlackElo "2457"]
[TimeControl "180+2"]
[EndTime "14:29:04 PDT"]
[Termination "Game drawn by repetition"]

1. e4 c5 2. Nf3 d6 3. Bc4 g6 4. h3 Bg7 5. d3 Nf6 6. c3 O-O 7. O-O Nbd7 8. Re1 a6 9. Bb3 b5 10. Nbd2 Bb7 11. Bc2 Rc8 12. Nf1 Qc7 13. Bf4 e5 14.
Bg5 h6 15. Bd2 d5 16. Ng3 c4 17. dxc4 dxe4 18. Nxe4 Nxe4 19. Bxe4 Bxe4 20. Rxe4 f5 21. Re1 Qxc4 22. Qe2 Qxe2 23. Rxe2 e4 24. Ne1 Nc5 25.
Rd1 Na4 26. Bc1 Rfd8 27. Red2 Bf6 28. Rxd8+ Rxd8 29. Rxd8+ Bxd8 30. Nc2 Kg7 31. Nb4 Nc5 32. Be3 Na4 33. b3 Nxc3 34. Bd4+ Bf6 35. Bxc3 Bxc3 36. Nxa6 b4 37. Nc7 Kf6 38. a4 Ke5 39. Nb5 Bd4 40. Kf1 Bb6 41. Ke2 f4 42. f3 e3 43. Kd3 g5 44. Ke2 h5 45. Kd3 Kd5 46. a5 Bxa5 47. Nd4 Bc7 48. Nf5 Bd6 49. h4 gxh4 50.
Nxh4 Ke5 51. g4 hxg4 52. fxg4 Kf6 53. Nf3 Be7 54. Ke4 Bd6 55. Kd5 Bc7 56. Kc5 e2 57. Kxb4 Bb6 58. Kc3 e1=Q+ 59. Nxe1 Kg5 60. Kd3 Kxg4 61.
Ke2 Ba5 62. Nf3 Bc7 63. Nd4 Bd8 64. b4 Bb6 65. Nf3 Bd8 66. b5 Bb6 67. Ne5+ Kg3 68.
Nf3 Ba7 69. Ng5 Bb6 70. Ne4+ Kg2 71. Nd2 Ba5 72. Nf3 Bb6 73. Nh4+ Kg3 74. Nf5+ Kg2 75. Nh4+ Kg3 76. Nf3 Kg4 77. Ne1 Kg3 78. Kf1 Bc7 79. Nd3 Bb6 80. Ne5 Bc7 81. Nc4 Bd8 82. Ne5 Bc7 83.
Nf7 Bb6 84. Ng5 Ba5 85. Ne4+ Kf3 86. Ng5+ Kg3 87. Ke2 Bb6 88. Ne4+ Kg2 89. Nd2 Kg3 90. Nf1+ Kg2 91. Nd2 Kg3 92. Ne4+ Kg2 93. Ng5 Kg3 1/2-1/2

[Event "*** Titled Tuesday Blitz"]
[Site "Chess.com"]
[Date "2019.05.07"]
[Round "6"]
[White "GHANDEEVAM2003"]
[Black "AryanTari"]
[Result "1-0"]
[WhiteElo "2887"]
[BlackElo "2866"]
[TimeControl "180+2"]
[EndTime "14:29:05 PDT"]
[Termination "GHANDEEVAM2003 won by resignation"]

1. e4 e5 2. Nf3 Nc6 3. Bb5 a6 4. Ba4 Nf6 5. O-O Be7 6. Re1 b5 7. Bb3 d6 8. c3 O-O 9. h3 Na5 10.
Bc2 c5 11. d4 Nd7 12. Nbd2 exd4 13. cxd4 Nc6 14. d5 Nce5 15. Nh2 Ng6 16. Ndf1 Bg5 17. g3 Bxc1 18. Qxc1 c4 19. Qe3 Re8 20. b3 Nde5 21. f4 Nd3 22. Bxd3 cxd3 23. h4 f5 24. Qxd3 Qf6 25. Nd2 Bd7 26. Rac1 Re7 27. Nhf3 Rae8 28. h5 Nxf4 29. gxf4 fxe4 30. Rxe4 Rxe4 31. Nxe4 Qxf4 32.
Re1 Bf5 33. Nfd2 Qg4+ 34. Kf2 Rf8 35. Nf3 Qxh5 36. Ng3 Bxd3 37. Nxh5 Bf5 38. Kg3 Bd7 39. Re7 Rf7 40. Rxf7 Kxf7 41. Kf4 g6 42. Ng5+ Ke7 43. Ng3 h6 44. N5e4 g5+ 45. Ke3 Bg4 46. b4 Bh3 47. a3 Bg4 48. Nf2 Bd7 49. Ke4 Kf7 50. Nf5 Kg6 51. Nxd6 h5 52. Nb7 h4 53. Nc5 Bf5+ 54. Kf3 Kh5 55. d6 g4+ 56. Kg2 g3 57. Nh3 Kg4 58.
d7 Bxd7 59. Nxd7 Kf5 60. Nc5 Ke5 61. Nxa6 1-0

[Event "*** Titled Tuesday Blitz"]
[Site "Chess.com"]
[Date "2019.05.07"]
[Round "6"]
[White "Yaacovn"]
[Black "biostatistician"]
[Result "1-0"]
[WhiteElo "2795"]
[BlackElo "2523"]
[TimeControl "180+2"]
[EndTime "14:29:05 PDT"]
[Termination "Yaacovn won by resignation"]

1. d4 Nf6 2. Nf3 g6 3. e3 Bg7 4. Be2 O-O 5. O-O d6 6. b3 b6 7.
Bb2 Bb7 8. c4 Ne4 9. Nc3 c5 10.
Qc2 Nxc3 11. Bxc3 cxd4 12. Bxd4 Nd7 13. Bxg7 Kxg7 14. Rad1 Qc7 15. Qb2+ Nf6 16. Nd4 a6 17. f3 Qc5 18. b4 Qe5 19. Qd2 Qh5 20. e4 Qh6 21.
Qc3 Rac8 22. a4 Kg8 23. Nc2 Rc7 24. Qe3 Qxe3+ 25. Nxe3 Rfc8 26. Ra1 a5 27. Rfb1 Bc6 28. Kf2 Nd7 29. Bf1 Ra7 30. Nc2 Rca8 31. Nd4 Rc8 32.
Ke3 e5 33. Ne2 axb4 34. Rxb4 Rca8 35. Nc3 Kf8 36. Bd3 Ke7 37. Bc2 Ra6 38. h4 Nc5 39.
Rab1 Nxa4 40. Bxa4 Bxa4 41. Nd5+ Kf8 42. Nc7 Bc2 43.
R1b2 Ra3+ 44. Kd2 Rc8 45. Nb5 Ra4 46. Kxc2 Rxc4+ 47. Rxc4 Rxc4+ 48. Nc3 Rc6 49. Kd3 Kg7 50. Kd2 f5 51. Nd5 Kh6 52. g4 fxg4 53. fxg4 Rc4 54. Kd3 Rc1 55. Rxb6 Rh1 56. h5 gxh5 57. Rxd6+ Kg5 58. gxh5 Rxh5 59. Re6 Kh4 60. Ne3 Kg3 61. Re8 Rg5 62. Nd5 h5 63. Ne3 h4 64. Nf5+ Kg4 65. Rh8 h3 66. Rh4+ Kf3 67. Rxh3+ Kf2 68. Ne3 1-0

[Event "*** Titled Tuesday Blitz"]
[Site "Chess.com"]
[Date "2019.05.07"]
[Round "6"]
[White "muran29"]
[Black "fastestmindalive"]
[Result "1-0"]
[WhiteElo "2500"]
[BlackElo "2642"]
[TimeControl "180+2"]
[EndTime "14:29:06 PDT"]
[Termination "muran29 won by resignation"]

1. d4 Nf6 2. c4 e6 3. Nf3 d5 4. Nc3 Bb4 5. Bg5 h6 6. Bxf6 Qxf6 7. e3 O-O 8. Be2 c5 9. O-O Nc6 10. cxd5 cxd4 11. Ne4 Qg6 12. dxc6 Qxe4 13. Nxd4 bxc6 14.
Bf3 Qh4 15. Nxc6 Bb7 16. g3 Qf6 17. Nd4 Ba6 18. a3 Bc5 19. Bxa8 Rxa8 20. Qf3 Qxf3 21. Nxf3 Bxf1 22. Kxf1 a5 23. Rc1 Be7 24. Ne5 Bf6 25. Nc4 Rb8 26. Rc2 a4 27. Ke2 g5 28.
f4 g4 29. e4 Bd4 30. Kd3 Rd8 31. Ke2 Bg1 32. Ne3 h5 33. Nf1 Rb8 34. Rd2 Rb3 35.
e5 Kg7 36. Kd1 Rf3 37. Ke1 Kg6 38. Rg2 Bd4 39. Nd2 Re3+ 40. Kd1 Bxb2 41. Nc4 Rd3+ 42. Rd2 Rxd2+ 43. Kxd2 Bd4 44. Ke2 Bc5 45. Nb2 h4 46.
Nxa4 Bg1 47. gxh4 Bxh2 48. Nc5 Bxf4 49. Nd3 Bg3 50. a4 Bxh4 51. a5 Bd8 52. a6 Bb6 53. Nb2 Kf5 54. Nc4 Bc5 55. Kf1 Ke4 56. Nd6+ Kf3 57. Nxf7 g3 58. Ng5+ Kg4 59. Nxe6 Bb6 60. Kg2 Kf5 61. Nf8 Kxe5 62. Nd7+ Kd6 63. Nxb6 1-0

[Event "*** Titled Tuesday Blitz"]
[Site "Chess.com"]
[Date "2019.05.07"]
[Round "6"]
[White "Tash_Boy"]
[Black "Orest_Vovk"]
[Result "1/2-1/2"]
[WhiteElo "2624"]
[BlackElo "2457"]
[TimeControl "180+2"]
[EndTime "14:29:07 PDT"]
[Termination "Game drawn by repetition"]

1. e4 e5 2. Nf3 Nf6 3. d3 Nc6 4. Be2 Bc5 5. O-O d6 6. c3 O-O 7.
b4 Bb6 8. a3 h6 9. Nbd2 a6 10. Nc4 Ba7 11. Be3 Bxe3 12. fxe3 Be6 13. Ncd2 Ng4 14. Qc1 Nxe3 15. Rf2 f5 16. exf5 Nxf5 17.
Ne4 Nh4 18. Qd2 Nxf3+ 19. Bxf3 Qd7 20. Raf1 Rf7 21. Bh5 Rxf2 22. Qxf2 Qe7 23. Bg6 Nd8 24.
Ng3 Nf7 25. Nf5 Qf6 26. Qg3 Qg5 27. Qf3 Rf8 28. h4 Qf6 29. Qg3 Bxf5 30. Rxf5 Qe7 31. Qf3 c6 32. g3 d5 33. Kf2 e4 34. dxe4 dxe4 35. Qf4 e3+ 36. Qxe3 Qd6 37. Bxf7+ Rxf7 38. Qe8+ Qf8 39. Qxf7+ Qxf7 40. Rxf7 Kxf7 41. Kf3 Ke6 42. Ke4 g6 43. a4 b6 44. a5 bxa5 45. bxa5 h5 46. Kf4 Kf6 47. Ke4 Ke6 48. Kd4 Kd6 49.
Kc4 c5 50. Kd3 Ke5 51. c4 Kf5 52. Ke3 Kg4 53. Kf2 g5 54. hxg5 Kxg5 55. Kf3 Kf5 56. Ke3 Ke5 57. Kd3 Kf5 58. Ke3 Kg4 59. Kf2 Kg5 60. Kf3 Kf5 61. Ke3 Ke5 62. Kd3 Kf5 63.
Ke3 Kg4 64. Kf2 Kg5 65. Kf3 Kf5 66. Ke3 1/2-1/2

[Event "*** Titled Tuesday Blitz"]
[Site "Chess.com"]
[Date "2019.05.07"]
[Round "6"]
[White "kikoveiga"]
[Black "witcher8"]
[Result "1/2-1/2"]
[WhiteElo "2264"]
[BlackElo "2339"]
[TimeControl "180+2"]
[EndTime "14:29:15 PDT"]
[Termination "Game drawn by stalemate"]

1. e4 c6 2. d4 d5 3. Nc3 dxe4 4. Nxe4 Bf5 5. Ng3 Bg6 6. h4 h6 7. Nh3 Nf6 8. Bc4 e6 9. Nf4 Bh7 10. Qe2 Bd6 11. c3 O-O 12. Be3 Nbd7 13. Ngh5 Nxh5 14. Nxh5 Nf6 15. O-O Nxh5 16. Qxh5 Qf6 17. Rad1 a5 18.
Bd3 Bxd3 19. Rxd3 Be7 20. g3 Bd6 21. Bd2 e5 22. Rf3 Qe6 23. Re1 e4 24. Rfe3 f5 25. a3 Qb3 26. Bc1 b5 27. R3e2 b4 28. axb4 axb4 29. Bxh6 Qe6 30. Bf4 Bxf4 31. gxf4 Rf6 32. Re3 Ra2 33. Rg3 Rxb2 34. cxb4 Rxb4 35. Ra1 Rxd4 36.
Ra8+ Rf8 37. Rxf8+ Kxf8 38. Qh8+ Qg8 39. Qh5 Rd5 40. Qg6 Qf7 41. Qxc6 Kg8 42. h5 Rd1+ 43. Kg2 Qxh5 44. Qc8+ Kh7 45. Rh3 Rg1+ 46. Kxg1 Qxh3 47. Qe6 Qg4+ 48. Kf1 Qxf4 49. Qe8 Qg4 50. Ke1 Qg1+ 51. Ke2 Qg4+ 52. Ke1 Qf3 53. Qe7 Qh1+ 54. Ke2 Qh5+ 55. Ke1 Qg4 56. Qe8 Qf3 57. Qe7 Qh3 58. Qg5 Qh1+ 59. Ke2 Qf3+ 60. Ke1 f4 61. Qh4+ Kg6 62.
Qe7 e3 63. Qe6+ Kh5 64. Qf7+ Kh6 65. Qe6+ g6 66. fxe3 fxe3 67. Qxg6+ Kxg6 1/2-1/2

[Event "*** Titled Tuesday Blitz"]
[Site "Chess.com"]
[Date "2019.05.07"]
[Round "6"]
[White "VeraNebolsina"]
[Black "norwaytoadog"]
[Result "1-0"]
[WhiteElo "2364"]
[BlackElo "2244"]
[TimeControl "180+2"]
[EndTime "14:29:17 PDT"]
[Termination "VeraNebolsina won by checkmate"]

1. e4 e5 2. Nf3 Nc6 3. Bb5 a6 4. Ba4 Nf6 5. O-O Be7 6. Re1 b5 7. Bb3 d6 8. c3 O-O 9. d4 Bb7 10. Nbd2 exd4 11. cxd4 Na5 12. Bc2 Nd7 13. Nf1 c5 14.
Ng3 g6 15. Bh6 Re8 16. b3 Bf6 17. Rc1 Nc6 18. Be3 Rc8 19. h3 cxd4 20. Nxd4 Nc5 21. Bb1 Ne5 22. f4 Bh4 23. Bf2 Nc6 24. Nf3 Bf6 25.
e5 Bg7 26. Qxd6 Ne6 27. Qxd8 Rexd8 28. Ne4 Nb4 29. Rxc8 Bxc8 30. Nd6 Nxf4 31. Bh4 Rf8 32.
Be7 Be6 33. Bxf8 Bxf8 34. Ng5 Nfd3 35. Rd1 Nxe5 36. Nxe6 fxe6 37. Ne4 Be7 38. Rc1 Kf8 39. Rc7 Nd5 40. Ra7 Nb4 41. a3 Nbc6 42. Rxa6 Nd4 43.
b4 Ne2+ 44. Kf2 Nf4 45. Ra5 Nc4 46. Rxb5 Nxa3 47. Rb8+ Kf7 48. Ba2 Nc2 49. b5 Nb4 50. Bc4 Nfd3+ 51. Bxd3 Nxd3+ 52. Ke3 Ne1 53. g3 Nc2+ 54.
Kd3 Nb4+ 55. Kc4 Nd5 56. b6 h5 57. b7 h4 58. Rh8 Nb6+ 59. Kb5 Nd7 60. gxh4 e5 61.
Kc6 Ke6 62. Re8 Kf7 63. Kxd7 g5 64. hxg5 Kg6 65. Rxe7 Kh5 66. b8=Q Kh4 67. Qh8# 1-0

[Event "*** Titled Tuesday Blitz"]
[Site "Chess.com"]
[Date "2019.05.07"]
[Round "6"]
[White "Sadikhov_Ulvi"]
[Black "Indianlad"]
[Result "1/2-1/2"]
[WhiteElo "2697"]
[BlackElo "2890"]
[TimeControl "180+2"]
[EndTime "14:29:55 PDT"]
[Termination "Game drawn - insufficient material"]

1. Nf3 d5 2. g3 g6 3. Bg2 Bg7 4. O-O e5 5. d3 Ne7 6. e4 d4 7.
Nbd2 c5 8. Nc4 Nbc6 9. a4 h6 10. Nfd2 g5 11. Bf3 Bh3 12. Re1 Qd7 13. Nb3 b6 14. a5 Rb8 15. axb6 axb6 16. Ra6 Nc8 17. Bd2 Be6 18. Qe2 O-O 19. Rea1 Bxc4 20. dxc4 Nd6 21. Bg4 Qb7 22. Nc1 Ra8 23. Rxa8 Rxa8 24. Rxa8+ Qxa8 25. b3 Qa1 26. Kg2 Qb1 27. Qd3 Nb4 28. Bxb4 cxb4 29. Ne2 Nb7 30. Qd2 Nc5 31. Qxb4 Qxc2 32.
Qxb6 Nxb3 33. Qb8+ Bf8 34. Qxe5 d3 35. Nd4 Qc3 36. Nc6 Qxc4 37. Ne7+ Bxe7 38. Qxe7 Qd4 39. Bh5 Qg7 40. Qd8+ Qf8 41. Qxd3 Nc5 42. Qd5 Ne6 43. Bg4 Ng7 44. Qe5 Qd8 45. Qd5 Qe7 46. Qc6 Ne8 47. Qxh6 Qxe4+ 48. Bf3 Qe5 49. h4 gxh4 50. gxh4 Ng7 51. Qd2 Ne6 52. Qe3 Qf6 53. Bg4 Nf4+ 54. Kg3 Ng6 55. Qg5 Qd6+ 56. Kg2 Kf8 57. h5 Nf4+ 58.
Kf3 Qd3+ 59. Kxf4 Qd2+ 60. Kf5 Qd5+ 61. Kf4 Qd2+ 62. Kf5 Qxf2+ 63. Ke4 Qc2+ 64. Kf3 Qd3+ 65. Kg2 Qc2+ 66. Kh3 Qc3+ 67. Kh2 Qc2+ 68. Kg3 Qc7+ 69. Kh3 Qc3+ 70. Kg2 Qc2+ 71. Kf1 Qd3+ 72. Be2 Qh3+ 73.
Ke1 Qc3+ 74. Kf2 Qd4+ 75. Kg2 Qg7 76. Qxg7+ Kxg7 77. Kg3 f5 78. Kf4 Kh6 79. Ke5 Kg7 80. Ke6 Kh8 81. Kf6 f4 82. Bf3 Kh7 83. Kg5 Kh8 84.
h6 Kh7 85. Kh5 Kh8 86. Kg6 Kg8 87. h7+ Kh8 88. Kg5 Kxh7 89. Kxf4 1/2-1/2

[Event "*** Titled Tuesday Blitz"]
[Site "Chess.com"]
[Date "2019.05.07"]
[Round "6"]
[White "giantslayer83"]
[Black "WPWPWP-2015"]
[Result "1-0"]
[WhiteElo "2537"]
[BlackElo "2380"]
[TimeControl "180+2"]
[EndTime "14:30:17 PDT"]
[Termination "giantslayer83 won by resignation"]

1. d4 d5 2. c4 c6 3. Nf3 Nf6 4. e3 Bf5 5. Nc3 e6 6. Nh4 Bg6 7. Qb3 Qc7 8. Nxg6 hxg6 9. Bd2 Nbd7 10. g3 Bd6 11. Bg2 O-O 12. O-O dxc4 13. Qxc4 e5 14.
dxe5 Nxe5 15. Qe2 Rad8 16. Rac1 Qb6 17. Na4 Qc7 18. f4 Ned7 19. e4 Rfe8 20. Kh1 Nxe4 21.
Bxe4 Nf6 22. Nc3 Bb4 23. Nb5 Rxd2 24. Qxd2 Bxd2 25. Nxc7 Rxe4 26. Rcd1 Re2 27. Rf3 Ng4 28. Kg1 Ba5 29. Na8 Re8 30. Rd7 Rxa8 31. Rxb7 Bb6+ 32.
Kg2 Re8 33. Rd3 Ne3+ 34. Kf3 Nd5 35. h4 Kf8 36. a3 Kg8 37. b4 f5 38. b5 Nf6 39. bxc6 Rc8 40. Rc3 Ne8 41. a4 Nc7 42. Rc4 Kf8 43. Rc2 Ke7 44. Rd2 Ke6 45. Rd7 Nd5 46.
Rxg7 Rxc6 47. Rxg6+ Nf6 48. h5 Rc2 49. g4 fxg4+ 50.
Kg3 Bf2+ 51. Kg2 Bd4+ 52. Kg3 Bf2+ 53. Kg2 Bc5+ 54. Kg3 Rc3+ 55. Kg2 Rh3 56. h6 Kf5 57. Rg5+ Kxf4 58. Rxc5 Rxh6 59. Rf7 g3 60. Rc6 Rh2+ 61. Kg1 Ra2 62. Rfxf6+ Kg4 63. Rg6+ Kf4 64. Rcf6+ Ke5 65. Rf3 Rxa4 66. Rgxg3 Rh4 67. Kg2 Kd6 68. Ra3 Rh7 69. Ra6+ Kc5 70. Rga3 Rg7+ 71. Kf2 Rf7+ 72. Ke2 Kb4 73.
R6a4+ Kb5 74. Rxa7 Rf8 75. Rc7 Re8+ 76. Kd2 Rd8+ 77.
Rd3 Rh8 78. Rb3+ Ka4 79. Rb1 Rh2+ 80. Ke3 Rh3+ 81. Kf4 Rh4+ 82. Kg3 Rb4 83. Ra7+ 1-0

[Event "*** Titled Tuesday Blitz"]
[Site "Chess.com"]
[Date "2019.05.07"]
[Round "6"]
[White "r31415"]
[Black "elefante33"]
[Result "0-1"]
[WhiteElo "2366"]
[BlackElo "2557"]
[TimeControl "180+2"]
[EndTime "14:30:41 PDT"]
[Termination "elefante33 won by resignation"]

1. e4 e5 2. Nf3 Nc6 3. Bc4 Bc5 4.
c3 Nf6 5. d3 a6 6. Bb3 d6 7. O-O h6 8. Re1 O-O 9. Nbd2 Be6 10.
Nf1 Bxb3 11. Qxb3 Qd7 12. a4 Rfe8 13. h3 d5 14. Ng3 Bb6 15. Qc2 Rad8 16. Nh4 dxe4 17.
dxe4 Na5 18. Be3 Bxe3 19. Rxe3 Qd2 20. Re2 Qxc2 21. Rxc2 Nb3 22. Re1 g6 23. Nf3 Kg7 24. Rce2 Rd3 25. Re3 Rxe3 26. Rxe3 Nd7 27. Rd3 Ndc5 28.
Rd5 Kf6 29. a5 Re6 30. Nf1 c6 31. Rd8 Nxa5 32. N3d2 Nab3 33. Nc4 b5 34. Nd6 Ke7 35.
Nb7 Nxb7 36. Rb8 N7c5 37. Rb6 a5 38. Ne3 a4 39. Nc2 Nxe4 40. Nb4 c5 41. Rb7+ Kf6 42. Nd5+ Kg7 43. Rxb5 Rd6 44. Ne3 Ned2 45. Kh2 Ne4 46.
Kg1 Rd2 47. Nc4 Rxf2 48. Nxe5 Rxb2 49. Rb7 Rb1+ 50. Kh2 Nd6 51. Rd7 Rd1 52. Ra7 Rd5 53. Nc6 Nb5 54. Rxa4 Nxc3 55. Ra3 c4 56. Ra7 Rd2 57. Ne5 Rf2 58. Nxc4 Nd4 59. Ne5 Ne6 60. Ra3 Nd5 61. Nf3 Ndf4 62. Ne1 Re2 63. Ra1 Nxg2 64. Nxg2 Nf4 65. Rf1 Nxg2 66. Kg3 Ne3 67. Ra1 Nf5+ 68. Kf4 Rf2+ 69. Ke4 Rh2 70. Ra3 h5 71.
Kf4 f6 72. Ke4 Kh6 73. Kf4 Rf2+ 74. Ke4 Nd6+ 75. Kd5 Rd2+ 76. Ke6 Kg5 77. Ra5+ f5 78.
Ra4 Ne4 79. Kf7 Rd6 80. Ra3 Kh4 81. Re3 Ng3 82. Ra3 Kxh3 83. Ra4 g5 84. Kg8 f4 85. Kf7 f3 86. Ke7 Rb6 87. Ra2 g4 88.
Kf7 Ne4 89. Kg7 f2 90. Ra3+ Kg2 91. Ra6 Rxa6 0-1

[Event "*** Titled Tuesday Blitz"]
[Site "Chess.com"]
[Date "2019.05.07"]
[Round "6"]
[White "PE-TRO"]
[Black "Oleg_Papayan"]
[Result "1-0"]
[WhiteElo "2799"]
[BlackElo "2543"]
[TimeControl "180+2"]
[EndTime "14:30:52 PDT"]
[Termination "PE-TRO won by resignation"]

1. Nf3 b6 2. c4 Bb7 3. b3 Nf6 4.
g3 e6 5. Bg2 Be7 6. O-O O-O 7.
Bb2 d6 8. Nc3 Nbd7 9. d4 Ne4 10.
Qc2 Nxc3 11. Bxc3 Nf6 12. Rfe1 c5 13. Rad1 Qc7 14. e4 Rfd8 15. d5 e5 16. Nh4 Bc8 17. f4 Nh5 18. fxe5 dxe5 19. Nf5 Bxf5 20. exf5 Bd6 21.
Qe2 Nf6 22. Bxe5 Re8 23. Bxd6 Qxd6 24. Qf2 Kf8 25. h3 h6 26. Kh2 Rxe1 27. Rxe1 Re8 28. Re3 Rxe3 29. Qxe3 Qe7 30. Qf4 Ne8 31. Qb8 h5 32. h4 g6 33. fxg6 fxg6 34. a4 Kg7 35. Qf4 Nd6 36. Bf3 Qf6 37. Qxf6+ Kxf6 38. Kh3 Ke5 39.
g4 hxg4+ 40. Kxg4 Kf6 41. Be2 a5 42. Bd3 Nf7 43. Kf4 Ne5 44. Ke4 Nf7 45. Be2 Nd6+ 46. Kf4 Nf5 47. Bg4 Nd4 48. Bd1 Nf5 49. Bg4 Nd4 50. d6 Nxb3 51. d7 Ke7 52. Kg5 Nd2 53. Kxg6 Nxc4 54. Bf5 Ne5+ 55. Kg7 Nxd7 56. h5 Nf6 57. h6 c4 58. Bb1 c3 59. Bf5 Ne8+ 60. Kg6 Nf6 61. Bc2 Ke6 62. Bb3+ Ke5 63. Kg7 Kf5 64.
Bc2+ Kg5 65. Bb3 Nh5+ 66. Kh7 Nf6+ 67. Kg7 Nh5+ 68. Kh7 Nf6+ 69. Kg7 Nh5+ 70. Kf7 Kxh6 71. Ke6 Kg5 72. Kd6 Kf4 73. Kc6 Ng7 74. Kxb6 Nf5 75.
Kxa5 Nd4 76. Kb4 Ke5 77. Kxc3 Nc6 78. Ba2 Kd6 79. Kc4 Kc7 80. Kb5 Nd4+ 81. Kc5 Nf5 82.
Bd5 Ne7 83. Be6 Nc6 84. Bh3 Na5 85. Kb5 Nc6 86. Bg2 Nd4+ 87. Kc5 Nb3+ 88. Kc4 Na5+ 89. Kb5 Nb3 90. Bd5 Nd4+ 91. Kc5 Nf5 92. a5 Nd6 93. a6 Nc8 94. Bh1 Kb8 95. Bb7 Na7 96. Kb6 Nb5 97.
Kxb5 1-0